Construct Infanterie Kompanie
Construct Panzergrenadier Kompanie
Pak 40 Anti-tank Gun Team
Nebelwerfer 42 Rocket Launcher Team
Selects Mechanized Battlegroup
Selects Mobile Repair Stations
Selects StuG Assault Group
Selects UNKNOWN (2160084)
Construct Panzer Kompanie
Selects Stoßtruppen Assault Package
Selects Zeroing Artillery Barrage
Zeroing Artillery Barrage
Zeroing Artillery Barrage
Pak 40 Anti-tank Gun Team